 Seeded DCSS version 0.30.0-17-ge0270778cf (webtiles) character file.

Game seed: 12735965570273765983 (custom seed)

2 Pimp the Conjurer (level 1, 10/10 HPs)
             Began as a Deep Elf Conjurer on May 22, 2023.
             Quit the game on level 1 of the Dungeon.
             The game lasted 00:01:01 (92 turns).

Pimp the Conjurer (Deep Elf Conjurer)                 Turns: 92, Time: 00:01:02

Health: 10/10      AC:  2    Str:  4    XL:     1   Next: 33%
Magic:  6/6        EV: 12    Int: 22    God:
Gold:   11         SH:  0    Dex: 13    Spells: 5/6 levels left

rFire   . . .        (no weapon)
rCold   . . .        (no shield)
rNeg    . . .        a - +0 robe
rPois   .            (no helmet)
rElec   .            (no cloak)
rCorr   .            (no gloves)
SInv    .            (no boots)
Will    .....        (no amulet)
Stlth   ++           (no ring)
HPRegen 0.21/turn    (no ring)
MPRegen 0.10/turn

%: no passive effects
@: no status effects
A: no striking features
a: no special abilities


You were on level 1 of the Dungeon.
You visited 1 branch of the dungeon, and saw 1 of its levels.

You collected 11 gold pieces.

Inventory:

Armour
 a - a +0 robe (worn)
Scrolls
 d - a scroll of identify {unknown}
Potions
 b - a potion of magic
 e - a potion of degeneration {unknown}


   Skills:
 + Level 2.5 Dodging
 + Level 2.5 Stealth
 + Level 3.0 Spellcasting
 + Level 4.4 Conjurations


You had 5 spell levels left.
You knew the following spells:

 Your Spells              Type           Power      Damage    Failure   Level
a - Magic Dart            Conj           88%        1d7       1%          1

Your spell library contained the following spells:

 Spells                   Type           Power      Damage    Failure   Level
 Searing Ray              Conj           44%        2d6       3%          2
 Dazzling Flash           Conj/Hex       26%        N/A       16%         3
 Fulminant Prism          Conj/Hex       6%         3d7       45%         4
 Iskenderun's Mystic Bla  Conj/Tloc      13%        2d5       45%         4


Dungeon Overview and Level Annotations

Branches:
Dungeon (1/15)

Altars:


Message History

Welcome, Pimp the Deep Elf Conjurer.
Game seed: 12735965570273765983 (custom seed) Press ? for a list of commands and other information.
Found five items.
Found an escape hatch in the floor.
Found a staircase leading out of the dungeon.
Found a scroll labelled JAMMEC ZAWOC.
An endoplasm comes into view.
Found a club.
The magic dart hits the endoplasm.
The endoplasm is heavily wounded.
The magic dart hits the endoplasm.
You kill the endoplasm!
You can't see any susceptible monsters within range! (Use Z to cast anyway.)
You can't see any susceptible monsters within range! (Use Z to cast anyway.)
Found a coppery potion.
A quokka comes into view.
You see here 4 stones.
The magic dart hits the quokka.
The quokka is severely wounded.
The magic dart hits the quokka.
You kill the quokka!
You can't see any susceptible monsters within range! (Use Z to cast anyway.)
You can't see any susceptible monsters within range! (Use Z to cast anyway.) Magic restored.
c - a scroll labelled JAMMEC ZAWOC
Found an escape hatch in the floor.
You see here 3 stones.
d - a scroll labelled LOILICE GORIW
e - a black potion
There is a staircase leading out of the dungeon here.
You now have 11 gold pieces.
c - 2 scrolls labelled JAMMEC ZAWOC (gained 1)
Found a stone staircase leading down.
This is a scroll of acquirement!
You see here a book of the Spheres.
Something appears at your feet! Something appears at your feet!
Unknown command.
Are you sure you want to abandon this character and quit the game? (Confirm with "yes".)

### ..# #.# #.# ..#
....# #.#######...#
.)..# #.##.@.......
....# ####............
.#..# #...............
....####.#......####...#
#.#..##.###..#..# ..#
......##.#.#.#..#### .#
#..r...........##.. >
......###..###.###.#
.#...####.(....# #.#


There were no monsters in sight!

Vanquished Creatures
  An endoplasm (D:1)
  A quokka (D:1)
2 creatures vanquished.

Notes
Turn   | Place    | Note
-------+----------+-------------------------------------------
     0 | D:1      | Pimp the Deep Elf Conjurer began the quest for the Orb.
     0 | D:1      | Reached XP level 1. HP: 10/10 MP: 6/6
    90 | D:1      | Identified 2 scrolls of acquirement
    90 | D:1      | Acquired a book of the Spheres
    91 | D:1      | Acquired the ring "Ydeghein" {*Slow rElec rF+ Int+6 SInv}
    92 | D:1      | Quit the game

Illustrated notes

Levels and vault maps discovered:
D:1:      dpeg_arrival_long_road, layout_loops_cross, hex_tiny

Action                     || total
---------------------------++-------
   Cast: Magic Dart        ||     4
    Use: Scroll            ||     2
